 Dungeon Crawl Stone Soup version 0.29-a0-721-g7f417c9bbb (webtiles) character file.

Game seed: 16327057524971137554

86 avis the Shooter (level 4, -1/37 HPs)
             Began as a Demigod Hunter on June 27, 2022.
             Slain by Jessica
             ... wielding a +2 dagger of venom
              (5 damage)
             ... on level 3 of the Dungeon.
             The game lasted 00:07:16 (964 turns).

avis the Shooter (Demigod Hunter)                    Turns: 964, Time: 00:07:17

Health: -1/37      AC:  3    Str: 12    XL:     4   Next: 5%
Magic:  6/6        EV: 12    Int: 11    God:
Gold:   22         SH:  0    Dex: 21    Spells: 3/3 levels left

rFire   . . .      SeeInvis .   a - +0 shortbow
rCold   . . .      Faith    .   (shield currently unavailable)
rNeg    . . .      Spirit   .   c - +0 leather armour
rPois   .          Reflect  .   (no helmet)
rElec   .          Harm     .   (no cloak)
rCorr   .          Rampage  .   (no gloves)
Will    .....                   (no boots)
Stlth   ++........              (no amulet)
HPRegen 0.12/turn               (no ring)
MPRegen 0.10/turn               (no ring)

@: lethally poisoned (-1 -> -2)
A: high MP 1, forlorn, divine attributes
a: no special abilities


You were on level 3 of the Dungeon.
You visited 1 branch of the dungeon, and saw 3 of its levels.

You collected 22 gold pieces.

Inventory:

Hand Weapons
 a - a +0 shortbow (weapon)
 b - a +0 dagger
 g - a +0 short sword
 i - a +0 falchion
Missiles
 j - a throwing net
 k - 3 poisoned darts
 l - 2 boomerangs
Armour
 c - a +0 leather armour (worn)
Magical Staves
 h - a staff of fire
Scrolls
 d - 2 scrolls of immolation
 e - a scroll of noise {unknown}
 f - 4 scrolls of identify {unknown}
Potions
 m - 2 potions of berserk rage {unknown}
 o - a potion of cancellation {unknown}


   Skills:
 + Level 2.7 Fighting
 * Level 4.8 Ranged Weapons
 - Level 1.7 Dodging
 - Level 0.8 Stealth


You had 3 spell levels left.
You didn't know any spells.
Your spell library was empty.

Dungeon Overview and Level Annotations

Branches:
Dungeon (2/15)

Annotations:
D:3 3 runed translucent doors, Jessica; purpskrrrp's ghost, amateur DsWn; zhov's ghost, amateur FoHu


Innate Abilities, Weirdness & Mutations

You have an increased reservoir of magic. (+10% MP)
You shall have no god before yourself.
Your divine heritage dramatically boosts your attributes as you level up.


Message History

You are more poisoned.
Fire: a) +0 shortbow
Press: ? - help, Q - select action, (/) - cycle Shift-Dir - straight line, f/p - Jessica
Aim: Jessica, wielding a +2 dagger of venom and wearing a +0 robe (severely wounded, fast, 65% to hit)
You shoot an arrow. The arrow closely misses Jessica.
You feel very sick. Jessica closely misses you. Jessica casts a spell at you.
Pain shoots through your body!
Fire: a) +0 shortbow
Press: ? - help, Q - select action, (/) - cycle Shift-Dir - straight line, f/p - Jessica
Aim: Jessica, wielding a +2 dagger of venom and wearing a +0 robe (severely wounded, fast, 65% to hit)
You shoot an arrow. The arrow barely misses Jessica.
You feel very sick.
Jessica casts a spell.
Jessica blinks!
Fire: a) +0 shortbow
Press: ? - help, Q - select action, (/) - cycle Shift-Dir - straight line, f/p - Jessica
Aim: Jessica, wielding a +2 dagger of venom and wearing a +0 robe (severely wounded, fast, 65% to hit)
You shoot an arrow. The arrow completely misses Jessica.
You feel sick.
Fire: a) +0 shortbow
Press: ? - help, Q - select action, (/) - cycle Shift-Dir - straight line, f/p - Jessica
Aim: Jessica, wielding a +2 dagger of venom and wearing a +0 robe (severely wounded, fast, 65% to hit)
You shoot an arrow. The arrow barely misses Jessica.
You feel sick.
Fire: a) +0 shortbow
Press: ? - help, Q - select action, (/) - cycle Shift-Dir - straight line, f/p - Jessica
Aim: Jessica, wielding a +2 dagger of venom and wearing a +0 robe (severely wounded, fast, 65% to hit)
You shoot an arrow. The arrow barely misses Jessica.
You feel sick.
Fire: a) +0 shortbow
Press: ? - help, Q - select action, (/) - cycle Shift-Dir - straight line, f/p - Jessica
Aim: Jessica, wielding a +2 dagger of venom and wearing a +0 robe (severely wounded, fast, 65% to hit)
You shoot an arrow.
The arrow hits Jessica but does no damage.
Jessica is severely wounded.
You feel sick.
Jessica hits you with a +2 dagger of venom.
You die...

##.....##
.###.......##
............###
._...<......'.
......<.....#
...........#
.⌠.._.....#
......@@.#
..._.##'## ...
#.# . #.# ##.##
##...##
#.....#####
##........#
#.##.###.......#


You could see Jessica (fast).

Vanquished Creatures
  An orc wizard (D:3)
  An adder (D:3)
  A worm (D:2)
  2 dart slugs
  4 orcs (D:3)
  4 ball pythons
  7 bats
  2 endoplasms
  5 giant cockroaches
  2 goblins (D:1)
  3 hobgoblins (D:1)
  A jackal (D:1)
  3 kobolds
  3 quokkas
  A rat (D:1)
40 creatures vanquished.

Notes
Turn   | Place    | Note
-------+----------+-------------------------------------------
     0 | D:1      | avis the Demigod Hunter began the quest for the Orb.
     0 | D:1      | Reached XP level 1. HP: 17/17 MP: 3/3
   195 | D:1      | Reached skill level 4 in Ranged Weapons
   195 | D:1      | Reached XP level 2. HP: 24/24 MP: 4/4
   519 | D:2      | Reached XP level 3. HP: 25/30 MP: 5/5
   562 | D:2      | You fall into a shaft and drop 1 floor!
   797 | D:3      | Reached XP level 4. HP: 37/37 MP: 6/6
   798 | D:3      | Found a runed translucent gate.
   799 | D:3      | Found a runed translucent gate.
   812 | D:3      | Found a runed translucent gate.
   815 | D:3      | Noticed zhov's ghost (amateur FoHu)
   815 | D:3      | Noticed purpskrrrp's ghost (amateur DsWn)
   947 | D:3      | Noticed Jessica
   964 | D:3      | Slain by Jessica

Illustrated notes

Levels and vault maps discovered:
D:1:      scummos_arrival_gate, layout_rooms,
          shapermc_ecumenical_altar_hornbeckon
D:2:      layout_loops_ring, basic_altar, minmay_misc_feat_more_columns,
          uniq_terence
D:3:      layout_loops_corners, grunt_temple_overflow_open,
          gammafunk_ghost_cemetery, uniq_jessica

Skill      XL: |  1 |
---------------+----+-----
Fighting       | 2 |  2.7
Ranged Weapons | 4 |  4.8
Dodging        | |  1.7
Stealth        | |  0.8

Action                   |  1- 3 |  4- 6 || total
-------------------------+-------+-------++-------
 Fire: Shortbow          |   105 |    23 ||   128
  Use: Potion            |     3 |       ||     3
Armor: Leather armour    |    33 |     1 ||    34
       Skin              |    10 |       ||    10
Dodge: Dodged            |    66 |     5 ||    71

Table legend: (Time is in decaauts)
 A = Elapsed time spent in this place.
 B = Non-inter-level travel time spent in this place.
 C = Inter-level travel time spent in this place.
 D = Time resting spent in this place.
 E = Time spent auto-exploring this place.
 F = Levels seen in this place.
 G = Mean time per level.
                   A        B        C        D        E       F      G
               +--------+--------+--------+--------+--------+-----+--------+
         Total |   1005 |    989 |     16 |    233 |    430 |   3 |  335.0 |
       Dungeon |   1005 |    989 |     16 |    233 |    430 |   3 |  335.0 |
               +--------+--------+--------+--------+--------+-----+--------+

Top non-repeatable levels by time:
     D:1: 534 daAuts
     D:3: 418 daAuts
     D:2: 52 daAuts
